cohdb
Replays
Latest Replays
All Replays
Popular Replays
Top Player Replays
Match Explorer
How It Works
Community
CoH3 Stats
Reddit
Sign in to upload your games and track your stats! →
Sign in with Steam
Match 42786947
Unlisted
Match 42786947
Overview
Messages
Build Orders
End
Scout Squad
Selects Airborne Battlegroup
Selects Pathfinders
Construct Weapon Support Center
Construct Weapon Support Center
M1919 Machine Gun Team
Pathfinder Squad
Engineer Squad
Construct Medical Station
Selects Paratrooper Squad Paradrop
Paratrooper Squad Paradrop
Mechanized Support Center
Paratrooper Squad Paradrop
Construct Tank Depot
Paratrooper Squad Paradrop
M4(105) Sherman Bulldozer
M4A1 Sherman Medium Tank
Designate Forward Repair Station
Improvised Armor
M4A1 Sherman Medium Tank
Rapid Repairs
M4A1 76mm Conversion
Bran
DrewP
Hotzenplotz
Attie
0
0
Comments
sign in to comment!
No comments posted yet!